Map: Interloper LE

Players

soul - Winner!

  • Race: Terran Terran
  • Spawn Location: 11:00

PiLiPiLi

  • Race: Protoss Protoss
  • Spawn Location: 5:00

Event: WCS Montreal 2017

VOD

Have the link to the VOD?

Description

Time

  • Played on: Sept. 8, 2017, 12:15 p.m.
  • Length: 16:39

All games in this series

Show
View Real Time Build Order
Export as new Build Order

soul Terran - Winner!

Build Orders: Reaper Expand, MMM Bio 

Get SALT Encoding   

  12  0:00  SCV  
  13  0:12  SCV  
  14  0:17  Supply Depot  
  14  0:25  SCV  
  15  0:39  SCV  
  15  0:40  Barracks  
  16  0:44  Refinery  
  16  0:51  SCV  
  17  1:03  SCV  
  18  1:15  SCV  
  19  1:27  Reaper  
  19  1:28  Orbital Command  
  20  1:42  Command Center  
  20  1:53  Barracks  
  20  1:57  SCV  
  20  2:01  Barracks Reactor  
  21  2:07  Supply Depot  
  21  2:11  SCV  
  22  2:15  Refinery  
  22  2:23  SCV  
  23  2:30  Factory  
  23  2:35  SCV  
  24  2:38  Marine  
  24  2:39  Marine  
  26  2:46  Barracks Tech Lab  
  26  2:48  SCV  
  26  2:55  Orbital Command  
  26  2:56  Marine  
  27  3:00  Marine  
  27  3:02  SCV  
  29  3:07  Stimpack  
  29  3:08  Marine  
  30  3:16  Starport  
  30  3:18  SCV  
  31  3:21  SCV  
  31  3:23  Factory Reactor  
  32  3:27  Marine  
  32  3:28  Marine  
  32  3:31  Marine  
  32  3:32  SCV  
  32  3:34  SCV  
  37  3:44  SCV  
  37  3:46  SCV  
  39  3:48  Supply Depot  
  39  3:49  Marine  
  39  3:50  Marine  
  39  3:53  Marine  
  42  3:56  SCV  
  42  3:58  SCV  
  42  4:01  Supply Depot  
  44  4:05  Medivac  
  46  4:10  Medivac, Marine, SCV x2  
  46  4:11  Marine  
  46  4:16  Supply Depot  
  52  4:20  Marine  
  52  4:22  SCV  
  52  4:23  SCV  
  55  4:25  Engineering Bay  
  55  4:30  Marine  
  56  4:32  Marine  
  56  4:34  SCV  
  56  4:35  SCV  
  56  4:36  Widow Mine  
  56  4:38  Marine  
  62  4:40  Supply Depot  
  62  4:43  Medivac  
  64  4:46  SCV  
  64  4:48  Marine  
  66  4:53  Terran Infantry Weapons Level 1, Missile Turret  
  66  4:54  Barracks  
  66  4:55  Marine  
  66  4:58  SCV  
  68  5:02  Supply Depot  
  68  5:03  Supply Depot  
  68  5:04  Marine  
  68  5:06  Marine  
  70  5:07  Combat Shields  
  70  5:13  Marine, SCV  
  72  5:17  Factory Reactor  
  72  5:20  Refinery  
  71  5:21  Marine  
  71  5:24  Supply Depot, Marine  
  71  5:28  SCV  
  72  5:31  Marine, SCV  
  74  5:35  Medivac  
  74  5:39  Marine  
  77  5:46  Barracks Tech Lab  
  77  5:47  Command Center  
  67  5:53  Marine, SCV  
  67  5:54  SCV  
  65  5:57  Marine  
  65  5:58  Marauder  
  67  6:05  Marauder  
  67  6:07  SCV, Concussive Shells  
  67  6:08  Bunker  
  70  6:11  Marine  
  70  6:12  Medivac  
  70  6:16  SCV  
  70  6:17  Widow Mine  
  76  6:19  Widow Mine, Refinery, Marauder  
  76  6:21  Liberator, SCV  
  81  6:26  Marauder  
  81  6:30  Marine  
  81  6:31  Marine  
  86  6:32  SCV  
  89  6:40  Marauder  
  91  6:47  Barracks  
  91  6:48  Marauder  
  91  6:49  Barracks  
  91  6:50  Terran Infantry Armor Level 1  
  91  6:51  Widow Mine  
  93  6:54  SCV  
  93  6:56  SCV  
  95  7:02  Supply Depot x2  
  95  7:06  SCV  
  96  7:08  SCV  
  96  7:09  Supply Depot, Marine, Marauder  
  100  7:19  SCV  
  100  7:21  Orbital Command  
  101  7:23  SCV  
  101  7:27  Sensor Tower  
  101  7:28  Marine, Marauder  
  105  7:31  SCV, Widow Mine  
  105  7:35  SCV  
  108  7:37  Supply Depot  
  108  7:39  Supply Depot  
  108  7:42  Marine, Marauder  
  108  7:43  SCV  
  100  7:46  Marine  
  100  7:47  Barracks Tech Lab, Barracks Reactor, SCV  
  100  7:49  SCV  
  103  7:53  Medivac x2  
  103  7:55  SCV  
  108  7:59  SCV  
  108  8:03  Marine, Marauder  
  108  8:04  Marine  
  108  8:05  Marauder  
  106  8:06  Liberator, Widow Mine  
  106  8:10  Marauder  
  106  8:17  Starport  
  106  8:19  Bunker  
  106  8:20  Marine  
  106  8:22  Liberator, Marine, Refinery  
  106  8:25  Marauder  
  106  8:26  Marauder  
  115  8:30  Barracks  
  115  8:31  Marine  
  115  8:34  Marine  
  117  8:36  Marine  
  117  8:38  Marine  
  122  8:46  Marauder  
  122  8:47  Marauder  
  125  8:49  Liberator, Marauder  
  125  8:52  Marine  
  125  8:54  Marine  
  121  8:57  Marine  
  121  8:59  Marine  
  122  9:05  Liberator  
  122  9:07  Marauder  
  122  9:09  Marauder  
  113  9:10  Marine, Marauder  
  113  9:12  Marine  
  113  9:15  Marine  
  114  9:21  Marine  
  114  9:22  Marine  
  118  9:28  Marine  
  118  9:29  Marauder  
  118  9:30  Marine, Marauder  
  109  9:32  Liberator, Marauder  
  109  9:33  Marine  
  102  9:39  Marine  
  102  9:40  Marine  
  88  9:45  Marine  
  88  9:48  Marine  
  88  9:50  Marauder  
  88  9:51  Marine  
  94  9:58  Marine  
  89  10:01  Marauder  
  89  10:05  Medivac  
  89  10:06  Widow Mine  
  95  10:08  SCV  
  95  10:10  SCV  
  95  10:12  Widow Mine  
  95  10:13  SCV  
  100  10:20  SCV  
  101  10:22  SCV  
  101  10:24  Marauder  
  101  10:25  Marine, SCV  
  106  10:30  Barracks Tech Lab  
  106  10:32  Medivac, SCV  
  106  10:34  SCV  
  106  10:35  Medivac  
  112  10:37  SCV  
  113  10:44  SCV  
  113  10:45  Marine, Marauder  
  113  10:46  SCV  
  113  10:47  Liberator, Marine  
  113  10:48  Marine  
  113  10:49  Marine, SCV  
  122  10:53  Marauder  
  122  10:56  Marauder  
  122  10:57  SCV  
  127  11:03  Marine, Marauder  
  130  11:10  Marine, Marauder  
  135  11:14  Marine  
  120  11:34  Marine  
  61  12:12  Command Center  
  59  12:42  Bunker x2  
  59  13:34  Supply Depot  
  57  15:13  Orbital Command  
  57  15:27  Orbital Command  
  57  15:40  Bunker  
  55  16:12  Bunker  
Show
View Real Time Build Order
Export as new Build Order

PiLiPiLi Protoss 

Build Orders: 1 Gate Expand, Blink Stalkers 

Get SALT Encoding   

  12  0:00  Probe (Chrono Boost)  
  13  0:11  Probe (Chrono Boost)  
  14  0:18  Pylon  
  14  0:22  Probe (Chrono Boost)  
  15  0:36  Probe (Chrono Boost), Gateway  
  15  0:42  Assimilator  
  16  0:46  Probe (Chrono Boost)  
  18  0:57  Probe (Chrono Boost)  
  18  1:07  Probe (Chrono Boost)  
  19  1:20  Nexus  
  19  1:23  Probe (Chrono Boost)  
  20  1:34  Cybernetics Core  
  20  1:37  Probe (Chrono Boost)  
  21  1:43  Assimilator  
  21  1:47  Probe (Chrono Boost)  
  21  1:53  Pylon  
  22  1:58  Probe (Chrono Boost)  
  23  2:08  Warp Gate  
  23  2:11  Adept (Chrono Boost)  
  23  2:12  Mothership Core (Chrono Boost)  
  27  2:30  Probe (Chrono Boost)  
  27  2:31  Probe (Chrono Boost)  
  29  2:38  Stalker (Chrono Boost)  
  29  2:41  Probe x2  
  33  2:51  Probe  
  33  2:52  Twilight Council  
  33  2:53  Probe (Chrono Boost)  
  35  3:05  Probe x2 (Chrono Boost)  
  37  3:16  Gateway x2  
  37  3:17  Probe (Chrono Boost), Blink (Chrono Boost)  
  38  3:22  Probe (Chrono Boost)  
  39  3:30  Probe  
  39  3:33  Probe  
  41  3:34  Robotics Facility  
  41  3:40  Pylon  
  41  3:42  Probe  
  41  3:45  Probe  
  43  3:50  Pylon  
  44  3:55  Probe (Chrono Boost)  
  44  3:56  Pylon  
  44  3:57  Probe (Chrono Boost)  
  45  4:08  Assimilator, Probe x2 (Chrono Boost)  
  47  4:11  Stalker  
  47  4:12  Stalker x2  
  53  4:18  Probe (Chrono Boost)  
  53  4:19  Probe (Chrono Boost)  
  53  4:22  Observer (Chrono Boost)  
  56  4:31  Probe  
  57  4:40  Nexus  
  57  4:41  Pylon  
  57  4:42  Probe  
  57  4:43  Probe  
  57  4:44  Observer (Chrono Boost)  
  60  4:56  Forge  
  60  4:57  Sentry, Zealot x2  
  66  5:02  Pylon  
  66  5:06  Gateway x2  
  66  5:12  Gateway  
  66  5:17  Stalker x2  
  70  5:21  Charge  
  59  5:33  Protoss Ground Armor Level 1 (Chrono Boost)  
  59  5:35  Probe x2  
  60  5:36  Stalker  
  60  5:41  Stalker x2  
  65  5:51  Probe  
  65  5:53  Probe  
  62  6:00  Stalker  
  62  6:03  Probe  
  64  6:09  Probe, Stalker x2  
  64  6:10  Nexus  
  69  6:13  Observer (Chrono Boost)  
  69  6:15  Probe  
  71  6:27  Probe  
  71  6:32  Observer (Chrono Boost)  
  72  6:33  Pylon  
  72  6:38  Probe  
  73  6:40  Zealot x2  
  73  6:44  Pylon  
  73  6:46  Gateway  
  77  6:47  Gateway  
  77  6:50  Warp Prism (Chrono Boost), Pylon x2  
  77  6:59  Probe x2  
  81  7:02  Sentry x2  
  81  7:03  Sentry  
  81  7:06  Zealot  
  89  7:11  Zealot, Pylon  
  89  7:14  Zealot  
  93  7:17  Probe x2  
  93  7:21  Probe  
  96  7:29  Probe  
  98  7:30  Probe  
  98  7:31  Zealot  
  98  7:32  Zealot x2  
  98  7:33  Probe  
  93  7:48  Zealot x3  
  94  7:52  Zealot x3  
  87  8:06  Probe x3  
  87  8:11  Zealot x4  
  87  8:12  Zealot x3  
  104  8:14  Zealot  
  104  8:18  Probe  
  107  8:21  Probe x2  
  109  8:30  Probe  
  110  8:35  Stalker x4  
  110  8:37  Sentry  
  110  8:39  Sentry x2  
  124  8:54  Zealot  
  120  9:00  Zealot x3  
  120  9:01  Sentry x2  
  128  9:03  Sentry  
  112  9:11  Sentry  
  112  9:16  Stalker  
  104  9:18  Stalker  
  104  9:21  Sentry, Zealot x3  
  114  9:30  Zealot  
  108  9:36  Zealot  
  90  9:42  Zealot x3  
  90  9:43  Zealot x2  
  90  9:51  Warp Prism  
  80  9:58  Stalker x3  
  76  10:00  Stalker x2  
  76  10:06  Stalker x3  
  86  10:25  Stalker  
  86  10:26  Zealot x5  
  86  10:27  Observer  
  98  10:29  Zealot  
  98  10:30  Zealot  
  102  10:45  Zealot x2  
  102  10:47  Zealot x4  
  102  10:49  Stalker  
  116  10:50  Stalker  
  118  11:06  Dark Shrine  
  118  11:08  Pylon  
  118  11:10  Pylon  
  118  11:12  Pylon  
  118  11:18  Observer  
  91  11:32  Mothership Core (Chrono Boost)  
  76  11:40  Zealot x5  
  76  11:42  Sentry, Zealot x2  
  72  11:55  Probe (Chrono Boost)  
  61  12:34  Assimilator  
  59  12:59  Phoenix  
  59  14:07  Assimilator  
Tags
 
Add a new tag
Caveats
  • Supply blocks, unpowered buildings, or Contaminate may cause inaccurate times.
  • Supply counts are checked every 10 seconds.